 Dungeon Crawl Stone Soup version 0.24-a0-378-g94936e539c (webtiles) character file.

Game seed: 5557520527156357754

165 woop the Sneak (level 5, -2/33 HPs)
             Began as an Octopode Enchanter on June 1, 2019.
             Killed by divine providence
             ... invoked by an orc priest
              (15 damage)
             ... on level 4 of the Dungeon.
             The game lasted 00:07:14 (3315 turns).

woop the Sneak (Octopode Enchanter)                 Turns: 3315, Time: 00:07:14

Health: -2/33      AC:  1    Str:  7    XL:     5   Next: 46%
Magic:  7/8        EV: 14    Int: 17    God:
Gold:   136        SH:  0    Dex: 14    Spells: 6/9 levels left

rFire    . . .     SeeInvis .   d - +0 dagger (speed)
rCold    + . .     Gourm    .   (no shield)
rNeg     . . .     Faith    .   (helmet restricted)
rPois    .         Spirit   .   (no amulet)
rElec    .         Reflect  .   h - ring of protection from cold
rCorr    .         Harm     .   (no ring)
MR       .....                  (no ring)
Stlth    ++++......             (no ring)
HPRegen  0.11/turn              (no ring)
MPRegen  0.11/turn              (no ring)
                                (no ring)
                                (no ring)

@: no status effects
A: almost no armour, stealthy swim, amphibious, 8 rings, constrict 8, camouflage
1, gelatinous body 1
a: no special abilities


You were on level 4 of the Dungeon.
You were not hungry.

You visited 1 branch of the dungeon, and saw 4 of its levels.

You collected 136 gold pieces.

Inventory:

Hand Weapons
 a - a +1 dagger
 d - a +0 dagger of speed (weapon)
Missiles
 i - 8 poisoned darts (quivered)
Jewellery
 h - a ring of protection from cold (left tentacle)
Scrolls
 b - 3 scrolls of teleportation {unknown}
 e - a scroll of amnesia {unknown}
 f - 2 scrolls of enchant weapon {unknown}
 j - a scroll of noise {unknown}
 l - 2 scrolls of remove curse {unknown}
 m - 2 scrolls of blinking {unknown}
 n - a scroll of fear {unknown}
 o - a scroll of identify {unknown}
 p - a scroll of immolation {unknown}
Potions
 k - a potion of brilliance {unknown}
 q - 2 potions of curing {unknown}
Comestibles
 c - 6 rations
 g - 9 chunks of flesh


   Skills:
 + Level 1.2 Fighting
 + Level 1.7 Short Blades
 + Level 0.5 Throwing
 + Level 2.3 Dodging
 + Level 5.9 Stealth
 + Level 2.5 Spellcasting
 + Level 3.2 Hexes
 * Level 1.7 Ice Magic


You had 6 spell levels left.
You knew the following spells:

 Your Spells              Type           Power        Failure   Level  Hunger
a - Corona                Hex            ##.....      4%          1    #......
b - Ensorcelled Hibernat  Hex/Ice        ##....       10%         2    ##.....

Your spell library contained the following spells:

 Spells                   Type           Power        Failure   Level  Hunger
 Slow                     Hex            ##......     7%          2    ##.....
 Confuse                  Hex            ##......     14%         3    ###....
 Tukima's Dance           Hex            ##......     14%         3    ###....
 Magic Dart               Conj           #...         19%         1    #......
 Blink                    Tloc           N/A          28%         2    ##.....
 Call Imp                 Summ           #.......     28%         2    ##.....
 Dazzling Spray           Conj/Hex       #.....       28%         3    ###....
 Conjure Flame            Conj/Fire      #.......     50%         3    ###....
 Mephitic Cloud           Conj/Pois/Air  #.......     50%         3    ###....


Dungeon Overview and Level Annotations

Branches:
Dungeon (4/15)
 Temple: D:4-7

Altars:
Ashenzari

Annotations:
D:1 exclusion: downstairs


Innate Abilities, Weirdness & Mutations

You cannot wear most types of armour.
You are very stealthy in the water. (Stealth+)
You are amphibious.
You can wear up to eight rings at the same time.
You can use your tentacles to constrict eight enemies at once.
Your skin changes colour to match your surroundings (Stealth+).
Your rubbery body absorbs attacks. (AC +1, EV +1)


Message History

The orc hits you.
You hit the orc priest but do no damage.
The orc priest is severely wounded.
You constrict the orc priest, but do no damage.
The orc priest hits you with a +0 dagger.
You hit the orc priest.
The orc priest is almost dead.
You constrict the orc priest, but do no damage.
The orc hits you. The orc priest closely misses you.
You hit the orc priest.
You kill the orc priest!
The orc hits you.
You hit the orc. Your grab misses the orc.
The orc is moderately wounded.
You hit the orc. You grab the orc.
The orc is heavily wounded.
You constrict the orc, but do no damage.
The orc priest calls down the wrath of Beogh upon you.
Beogh smites you!
You die...

#........#
#.#
#........###
#.#
#.รท.........
#.#
#...........
#.###
#...........
#....
#...........
#####
#...........
#..%........
#)@)........
###o#.......
#o#......
o...... ####
.#####+ #...
.. ###. .# #.
.# #. #.


You could see an orc priest and 2 orcs.

Vanquished Creatures
  An orc priest (D:4)
  5 adders
  An ooze (D:3)
  3 worms
  5 leopard geckos
  6 bats
  A giant cockroach (D:3)
  10 goblins
  4 hobgoblins
  12 jackals
  8 kobolds
  3 quokkas
  A ball python (D:3)
  4 frilled lizards
  9 rats
73 creatures vanquished.

Notes
Turn   | Place    | Note
-------+----------+-------------------------------------------
     0 | D:1      | woop the Octopode Enchanter began the quest for the Orb.
     0 | D:1      | Reached XP level 1. HP: 11/11 MP: 3/3
   286 | D:1      | Reached XP level 2. HP: 16/17 MP: 5/5
   303 | D:1      | Learned a level 2 spell: Ensorcelled Hibernation
   851 | D:1      | Reached XP level 3. HP: 9/21 MP: 1/6
  1359 | D:1      | Reached skill level 5 in Stealth
  1651 | D:1      | Reached skill level 1 in Ice Magic
  1741 | D:2      | Reached XP level 4. HP: 21/27 MP: 7/7
  2535 | D:3      | Reached skill level 1 in Fighting
  2678 | D:3      | Found a shattered altar of Ashenzari.
  2801 | D:3      | Reached XP level 5. HP: 22/33 MP: 8/8
  3315 | D:4      | Killed from afar by an orc priest

Levels and vault maps discovered:
D:1:      dpeg_arrival_shelter, layout_loops_ring
D:2:      layout_rooms, minmay_misc_feat_columns
D:3:      layout_rooms, evilmike_ruin_ashenzari
D:4:      layout_basic, first_ration

Skill      XL: |  1  2  3  4 |
---------------+-------------+-----
Stealth        | 5 |  5.9
Ice Magic      | 1 |  1.7
Fighting       | 1 |  1.2
Short Blades   | |  1.7
Throwing       | |  0.5
Dodging        | |  2.3
Spellcasting   | |  2.5
Hexes          | |  3.2

Action                   |  1- 3 |  4- 6 || total
-------------------------+-------+-------++-------
Melee: Dagger            |    78 |    91 ||   169
       Constrict         |    18 |    21 ||    39
       Tentacles         |    15 |    15 ||    30
Throw: Dart              |    11 |    34 ||    45
 Cast: Ensorcelled Hiber |     6 |     4 ||    10
 Stab: Distracted        |     1 |       ||     1
       Sleeping          |     9 |     8 ||    17
  Eat: Chunk             |     3 |     5 ||     8
Armor: Skin              |     7 |     2 ||     9
Dodge: Dodged            |    47 |    41 ||    88

Table legend:
 A = Non-vault XP
 B = Vault XP
 C = Vault XP percentage of total XP
 D = Non-vault monster count
 E = Vault monster count
 F = Vault count percentage of total count
                 A         B        C        D         E       F
            +---------+---------+-------+---------+---------+-------
      Total |     236 |       0 |   0.0 |      73 |       0 |   0.0
            +---------+---------+-------+---------+---------+-------
        D:1 |      62 |       0 |   0.0 |      30 |       0 |   0.0
        D:2 |      61 |       0 |   0.0 |      19 |       0 |   0.0
        D:3 |      55 |       0 |   0.0 |      20 |       0 |   0.0
        D:4 |      58 |       0 |   0.0 |       4 |       0 |   0.0
            +---------+---------+-------+---------+---------+-------
